 Dungeon Crawl Stone Soup version 0.25-a0-503-ge281fa6 (webtiles) character file.

Game seed: 7809268261314966425, levelgen mode: deterministic

778 15 the Ruffian (level 7, -4/57 HPs)
             Began as a Red Draconian Transmuter on Feb 12, 2020.
             Was an Initiate of Wu Jian.
             Slain by an iguana (6 damage)
             ... on level 6 of the Dungeon on Feb 13, 2020.
             The game lasted 00:19:01 (3988 turns).

15 the Ruffian (Red Draconian Transmuter)           Turns: 3988, Time: 00:19:02

Health: -4/57      AC:  7    Str: 13    XL:     7   Next: 54%
Magic:  4/12       EV: 13    Int: 14    God:    Wu Jian [......]
Gold:   309        SH:  0    Dex: 12    Spells: 3/13 levels left

rFire    + . .     SeeInvis .     - Unarmed
rCold    . . .     Gourm    .   (no shield)
rNeg     . . .     Faith    .   (armour unavailable)
rPois    .         Spirit   .   (helmet restricted)
rElec    .         Reflect  .   g - +0 cloak
rCorr    .         Harm     .   (no gloves)
MR       .....                  (boots currently unavailable)
Stlth    +.........             (no amulet)
HPRegen  0.19/turn              (no ring)
MPRegen  0.13/turn              (no ring)

@: appendage, very slightly contaminated
A: breathe fire, unfitting armour, talons 3, fire resistance 1, cold-blooded, AC
+6
a: Breathe Fire, End Transformation, Renounce Religion


You were on level 6 of the Dungeon.
You worshipped Wu Jian.
Wu Jian was noncommittal.
You were hungry.
You had grown temporary talons.
You visited 2 branches of the dungeon, and saw 7 of its levels.

You collected 309 gold pieces.

Inventory:

Missiles
 a - 93 arrows
Armour
 g - a +0 cloak (worn)
Jewellery
 o - an uncursed ring of ice
 p - an uncursed ring of fire
Wands
 u - a wand of flame (33)
Scrolls
 d - a scroll of fear
 h - 3 scrolls of teleportation
 j - 2 scrolls of remove curse
 m - a scroll of random uselessness {unknown}
 q - a scroll of magic mapping
 s - a scroll of blinking {unknown}
 t - a scroll of noise {unknown}
 v - a scroll of fog {unknown}
Potions
 b - a potion of flight
 e - 4 potions of mutation
 f - 2 potions of curing
 i - 2 potions of cancellation
 l - a potion of brilliance
 n - 2 potions of lignification
 r - a potion of resistance
Comestibles
 c - 9 rations


   Skills:
 * Level 3.4 Fighting
 * Level 3.3 Dodging
 + Level 0.8 Stealth
 + Level 5.1 Unarmed Combat
 * Level 3.9 Spellcasting
 * Level 4.3 Transmutations
 + Level 0.2 Poison Magic
 * Level 1.0 Evocations


You had 3 spell levels left.
You knew the following spells:

 Your Spells              Type           Power        Failure   Level  Hunger
a - Beastly Appendage     Tmut           ##....       3%          1    None
b - Sticks to Snakes      Tmut           ##......     4%          2    ##.....
c - Spider Form           Tmut/Pois      #.........   22%         3    ###....
d - Ice Form              Ice/Tmut       #.......     61%         4    ####...

Your spell library contained the following spells:

 Spells                   Type           Power        Failure   Level  Hunger
 Blade Hands              Tmut           ##........   67%         5    ######.


Dungeon Overview and Level Annotations

Branches:
Dungeon (6/15)             Temple (1/1) D:5

Altars:
Ashenzari
Cheibriados
Dithmenos
Elyvilon
Fedhas
Gozag
Hepliaklqana
Kikubaaqudgha
Makhleb
Nemelex Xobeh
Okawaru
Qazlal
Ru
Sif Muna
Trog
Uskayaw
Vehumet
Wu Jian
Xom
Yredelemnul
Zin
The Shining One

Shops:
D:5 [


Innate Abilities, Weirdness & Mutations

You can breathe blasts of fire.
Your fiery red scales are hard. (AC +6)
You cannot fit into any form of body armour.
Your flesh is heat resistant. (rF+)
You are cold-blooded and may be slowed by cold attacks.
You have claws for feet.


Message History

The iguana bites you but does no damage.
You hit the iguana.
The iguana is almost dead.
The iguana bites you.
* * * LOW HITPOINT WARNING * * *
Casting: Spider Form (safe; 22% risk of failure)
Confirm with . or Enter, or press ? or * to list all spells.
Your feet morph into talons.
The iguana barely misses you.
You barely miss the iguana.
The iguana is almost dead.
The iguana barely misses you.
You barely miss the iguana.
You tail-slap the iguana, but do no damage.
The iguana is almost dead.
The iguana bites you!
* * * LOW HITPOINT WARNING * * *
You hit the iguana but do no damage.
The iguana is almost dead.
The iguana bites you.
You die...

........# #######.# #
#.# ## #.# .##
##.####### ..##
#.#......# ####
...####.#.###.# ...
....####...##.###.###...
<...+.........[.@l......
>...####...##.###.####..
...###.........# .# ..##
#.######..# .# .### #.#
####..# .. ...# #.#
#.....# ## ##.# #.#
#.###.# ...# #.###.###.#
#..# #....<....#


You could see an iguana.

Vanquished Creatures
  Sigmund (D:5)
  Menkaure (D:6)
  A water moccasin (D:6)
  A scorpion (D:4)
  2 crimson imps (D:5)
  A jelly (D:5)
  An iguana (D:4)
  3 worker ants
  A hound zombie (D:5)
  10 adders
  An adder skeleton (D:5)
  A dart slug (D:1)
  6 leopard geckos
  4 orcs (D:3)
  A ball python (D:2)
  6 giant cockroaches
  9 goblins
  11 hobgoblins
  5 jackals (D:2)
  8 kobolds
  2 quokkas
  4 bats
  4 frilled lizards
  A giant cockroach zombie (D:6)
  A jackal skeleton (D:4)
  6 rats
92 creatures vanquished.

Vanquished Creatures (collateral kills)
  An orc priest (D:3)
  Robin (D:3)
  An adder (D:3)
  5 goblins (D:3)
  2 hobgoblins (D:3)
10 creatures vanquished.

Grand Total: 102 creatures vanquished

Notes
Turn   | Place    | Note
-------+----------+-------------------------------------------
     0 | D:1      | 15 the Draconian Transmuter began the quest for the Orb.
     0 | D:1      | Reached XP level 1. HP: 16/16 MP: 3/3
    47 | D:1      | Upgraded the game from 0.25-a0-502-g6516661 to
                  | 0.25-a0-503-ge281fa6
   107 | D:1      | Reached XP level 2. HP: 23/23 MP: 3/5
   152 | D:1      | Learned a level 2 spell: Sticks to Snakes
   571 | D:1      | Reached XP level 3. HP: 22/28 MP: 4/6
   826 | D:2      | Reached XP level 4. HP: 21/35 MP: 5/7
  1158 | D:3      | Reached skill level 4 in Unarmed Combat
  1181 | D:3      | Learned a level 3 spell: Spider Form
  1275 | D:3      | Found a sparkling altar of Nemelex Xobeh.
  1594 | D:3      | Found a glowing golden altar of the Shining One.
  1785 | D:3      | Noticed Robin
  1812 | D:3      | Killed Robin
  2090 | D:3      | Reached XP level 5. HP: 40/41 MP: 4/8
  2665 | D:4      | Reached XP level 6. HP: 29/49 MP: 4/10
  2797 | D:5      | Entered Level 5 of the Dungeon
  2864 | D:5      | Found Arawitih's Antique Armour Shoppe.
  2951 | D:5      | Found a staircase to the Ecumenical Temple.
  2963 | Temple   | Entered the Ecumenical Temple
  3196 | Temple   | Became a worshipper of the Wu Jian Council
  3276 | D:5      | Noticed Sigmund
  3311 | D:5      | Killed Sigmund
  3337 | D:5      | Found a shimmering altar of Xom.
  3737 | D:5      | Your scales start taking on a fiery red colour.
  3737 | D:5      | Reached XP level 7. HP: 54/57 MP: 12/12
  3737 | D:5      | Gained mutation: Your flesh is heat resistant. (rF+) [Red
                  | Draconian growth]
  3816 | D:5      | Learned a level 4 spell: Ice Form
  3817 | D:6      | Found a radiant altar of Vehumet.
  3951 | D:6      | Noticed Menkaure
  3970 | D:6      | Killed Menkaure
  3970 | D:6      | Reached skill level 5 in Unarmed Combat
  3970 | D:6      | Reached skill level 1 in Evocations
  3987 | D:6      | HP: 2/57 [iguana (10)]
  3988 | D:6      | Slain by an iguana

Levels and vault maps discovered:
D:1:      erik_arrival_triangle_large, layout_rooms
D:2:      layout_rooms, first_ration, chequers_decorated_corner
D:3:      layout_basic, lemuel_doored_altar, tso_metal_star, uniq_robin
D:4:      layout_rooms
D:5:      layout_basic, minmay_temple_entry_drinking_statues, serial_shops,
          shop, basic_altar, chequers_mini_garden, kennysheep_small_square,
          uniq_sigmund
D:6:      layout_loops_corners, vehumet_altar_wand_db, uniq_menkaure
Temple:   roderic_octagonal_lattice_temple

Skill      XL: |  1  2  3  4  5  6  7 |
---------------+----------------------+-----
Dodging        | 2 3 |  3.3
Unarmed Combat | 4 5 |  5.1
Transmutations | 3 4 |  4.3
Fighting       | 2 3 |  3.4
Spellcasting   | 3 |  3.9
Evocations     | 1 |  1.0
Stealth        | |  0.8
Poison Magic   | |  0.2

Action                   |  1- 3 |  4- 6 |  7- 9 || total
-------------------------+-------+-------+-------++-------
Melee: Unarmed           |   101 |   279 |    38 ||   418
       Tailslap          |    12 |    29 |     5 ||    46
       Kick              |     6 |    13 |       ||    19
       Headbutt          |     1 |    10 |     1 ||    12
       Punch             |     1 |     5 |       ||     6
 Cast: Beastly Appendage |     9 |    20 |     2 ||    31
       Sticks to Snakes  |       |    18 |       ||    18
       Spider Form       |       |     2 |     1 ||     3
       Ice Form          |       |       |     1 ||     1
Invok: Lunge             |       |     3 |     1 ||     4
  Use: Scroll            |     4 |     6 |       ||    10
       Potion            |       |     2 |     1 ||     3
 Stab: Sleeping          |     1 |     1 |       ||     2
  Eat: Chunk             |       |    11 |     1 ||    12
Armor: Skin              |    37 |    58 |    11 ||   106
Dodge: Dodged            |    72 |   165 |    25 ||   262

Table legend:
 A = Non-vault XP
 B = Vault XP
 C = Vault XP percentage of total XP
 D = Non-vault monster count
 E = Vault monster count
 F = Vault count percentage of total count
                 A         B        C        D         E       F
            +---------+---------+-------+---------+---------+-------
      Total |     774 |     338 |  30.4 |      86 |      16 |  15.7
            +---------+---------+-------+---------+---------+-------
        D:1 |      47 |       0 |   0.0 |      19 |       0 |   0.0
        D:2 |      64 |       0 |   0.0 |      24 |       0 |   0.0
        D:3 |      97 |      25 |  20.5 |      19 |      13 |  40.6
        D:4 |     157 |       0 |   0.0 |       9 |       0 |   0.0
        D:5 |     250 |     140 |  35.9 |      11 |       1 |   8.3
        D:6 |     159 |     173 |  52.1 |       4 |       2 |  33.3
            +---------+---------+-------+---------+---------+-------
